 Dungeon Crawl Stone Soup version 0.24-a0-584-g9d6b971ae4 (webtiles) character file.

Game seed: 2956262110449826084, levelgen mode: deterministic

5111 DasRunzen the Blocker (level 10, -1/93 HPs)
             Began as a Minotaur Fighter on Aug 29, 2019.
             Was a Follower of Okawaru.
             Splashed by an orc's acid (14 damage)
             ... on level 7 of the Dungeon.
             The game lasted 00:16:22 (5921 turns).

DasRunzen the Blocker (Minotaur Fighter)            Turns: 5921, Time: 00:16:22

Health: -1/93      AC: 14    Str: 24    XL:     10   Next: 32%
Magic:  10/10      EV:  9    Int:  2    God:    Okawaru [*.....]
Gold:   403        SH: 14    Dex: 22    Spells: 9/9 levels left

rFire    . . .     SeeInvis .   A - +0 war axe (elec)
rCold    + . .     Gourm    .   c - +1 shield
rNeg     . . .     Faith    .   u - +5 ring mail "Jurer" {Str+3 Int-3 Dex+9}
rPois    .         Spirit   .   (helmet restricted)
rElec    .         Reflect  .   p - +1 cloak
rCorr    .         Harm     .   s - +2 pair of gloves
MR       .....                  (no boots)
Stlth    +.........             e - amulet of regeneration
HPRegen  0.65/turn              C - ring of ice
MPRegen  0.12/turn              l - ring of protection from fire

@: corroded, lightly drained
A: retaliatory headbutt, horns 2
a: Heroism, Renounce Religion


You were on level 7 of the Dungeon.
You worshipped Okawaru.
Okawaru was aware of your devotion.
You were not hungry.

You visited 2 branches of the dungeon, and saw 8 of its levels.
You also visited: Ossuary.

You collected 403 gold pieces.

Inventory:

Hand Weapons
 A - a +0 war axe of electrocution (weapon)
Armour
 c - a +1 shield (worn)
 p - a +1 cloak (worn)
 s - a +2 pair of gloves (worn)
 u - the +5 ring mail "Jurer" (worn) {Str+3 Int-3 Dex+9}
   (You found it on level 5 of the Dungeon)

   It affects your strength (+3).
   It affects your intelligence (-3).
   It affects your dexterity (+9).
Jewellery
 e - an amulet of regeneration (around neck)
 i - an uncursed amulet of the acrobat
 l - a ring of protection from fire (right hand)
 C - a ring of ice (left hand)
Wands
 b - a wand of digging (11)
 y - a wand of acid (12)
Scrolls
 j - 3 scrolls of teleportation
 q - a scroll of magic mapping
 t - a scroll of fog
 x - 3 scrolls of remove curse
 z - a scroll of amnesia {unknown}
 B - a scroll of identify
Potions
 d - a potion of might
 g - 8 potions of curing
 h - 2 potions of ambrosia
 k - a potion of heal wounds
 m - a potion of haste
 n - 4 potions of brilliance
 o - a potion of berserk rage
 r - 2 potions of flight
 v - a potion of invisibility
 w - a potion of lignification {unknown}
Comestibles
 a - 8 chunks of flesh
 f - 15 rations


   Skills:
 + Level 9.8(9.5) Fighting
 + Level 9.4(9.1) Axes
 + Level 9.7(9.5) Armour
 + Level 9.8(9.5) Shields
 + Level 2.1(1.9) Invocations


You had 9 spell levels left.
You didn't know any spells.
Your spell library contained the following spells:

 Spells                   Type           Power        Failure   Level  Hunger
 Confusing Touch          Hex            #.....       88%         1    ##.....
 Confuse                  Hex            #.......     99%         3    ####...
 Gell's Gravitas          Tloc           #.........   99%         3    ####...
 Petrify                  Tmut/Erth      #.......     100%        4    #####..
 Metabolic Englaciation   Hex/Ice        #.........   100%        5    ######.
 Yara's Violent Unravell  Hex/Tmut       #.........   100%        5    ######.


Dungeon Overview and Level Annotations

Branches:
Dungeon (7/15)             Temple (1/1) D:6         Ossuary (visited)

Altars:
Ashenzari
Cheibriados
Dithmenos
Elyvilon
Fedhas
Gozag
Hepliaklqana
Kikubaaqudgha
Makhleb
Nemelex Xobeh
Okawaru
Qazlal
Ru
Sif Muna
Trog
Uskayaw
Vehumet
Wu Jian
Xom
Yredelemnul
Zin
The Shining One

Shops:
D:4 [(:(


Innate Abilities, Weirdness & Mutations

You reflexively headbutt those who attack you in melee.
You have a pair of horns on your head.


Message History

Found 19 bolts.
There is a large open door here.
You are too injured to fight recklessly!
You are too injured to fight recklessly!
You are too injured to fight recklessly!
You are too injured to fight recklessly!
Unknown command.
You are too injured to fight recklessly!
You block the orc's attack.
There is an open door here.
You closely miss the orc. You headbutt the orc.
The orc is heavily wounded.
The orc zaps a wand.
The bolt of acid hits you.
You are splashed with acid!!
* * * LOW HITPOINT WARNING * * *
You hit the orc. Your headbutt misses the orc.
The orc is almost dead.
The orc zaps a wand.
The bolt of acid hits you!
* * * LOW HITPOINT WARNING * * *
The acid corrodes you!
You are splashed with acid!
You die...

.#.# +....'.....+ .# #....#######
.# #######''####### .#
(............... .#
................ .#
................ ###### .#
.........)...... #....# .#
########''#########....# ##+#
......o@..'......)'....#
...############################'#
.oo#.....................†......#
####≈≈≈≈≈≈≈≈≈≈≈≈≈≈≈≈≈≈≈≈≈≈≈≈≈≈≈≈#
≈≈≈≈≈≈≈≈≈≈≈≈≈≈≈≈≈≈≈≈≈≈≈≈≈≈≈≈≈≈≈≈≈
≈≈≈≈≈≈≈≈≈≈††≈≈≈≈≈≈≈≈≈≈≈≈≈≈≈≈≈≈≈≈≈
.........†.÷..).........P........
..........†...............P......
#################################


You could see an orc.

Vanquished Creatures
  An orc knight (D:7)
  A spriggan (D:7)
  14 wargs (D:7)
  A black bear (D:5)
  3 orc warriors
  2 sky beasts (D:6)
  2 phantoms
  A centaur (D:5)
  A necrophage (D:7)
  2 ogres
  2 big kobolds
  An elf zombie (Ossuary)
  3 bullfrogs
  2 scorpions
  A howler monkey (D:6)
  2 crimson imps
  A centaur zombie (Ossuary)
  2 bullfrog zombies (D:7)
  3 hounds
  A quasit (D:7)
  A jelly (D:6)
  2 centaur skeletons
  2 human zombies (Ossuary)
  6 orc priests
  Crazy Yiuf (D:2)
  6 orc wizards
  4 worker ants
  A big kobold zombie (Ossuary)
  A hound skeleton (D:7)
  3 mummies (Ossuary)
  6 gnolls
  A howler monkey skeleton (D:7)
  7 adders
  3 shadow imps
  2 oozes
  An adder zombie (Ossuary)
  An adder skeleton (D:6)
  2 worms
  3 leopard geckos
  33 orcs
  9 giant cockroaches
  5 gnoll zombies (Ossuary)
  4 goblins
  5 hobgoblins
  10 jackals
  4 quokkas
  A ball python skeleton (D:4)
  10 bats
  4 frilled lizards
  4 goblin zombies (Ossuary)
  3 hobgoblin zombies (Ossuary)
  4 jackal zombies (Ossuary)
  14 kobolds
  4 kobold zombies (Ossuary)
  A leopard gecko skeleton (D:4)
  An orc zombie (Ossuary)
  3 quokka zombies (Ossuary)
  5 rats (D:2)
  3 rat zombies (Ossuary)
  A plant (D:7)
227 creatures vanquished.

Vanquished Creatures (others)
  An orc (D:7)
1 creature vanquished.

Grand Total: 228 creatures vanquished

Notes
Turn   | Place    | Note
-------+----------+-------------------------------------------
     0 | D:1      | DasRunzen the Minotaur Fighter began the quest for the Orb.
     0 | D:1      | Reached XP level 1. HP: 19/19 MP: 0/0
   114 | D:1      | Reached XP level 2. HP: 23/27 MP: 1/1
   513 | D:2      | Reached XP level 3. HP: 24/33 MP: 2/2
  1136 | D:2      | Found a runed translucent door.
  1137 | D:2      | Noticed Crazy Yiuf
  1349 | D:2      | Killed Crazy Yiuf
  1349 | D:2      | Reached XP level 4. HP: 30/41 MP: 3/3
  1690 | D:3      | Noticed a big kobold
  1707 | D:3      | Killed a big kobold
  1707 | D:3      | Reached XP level 5. HP: 41/47 MP: 4/4
  1978 | D:4      | Reached skill level 5 in Fighting
  1978 | D:4      | Reached skill level 5 in Armour
  1978 | D:4      | Reached skill level 5 in Shields
  2254 | D:4      | Found Eppam's Antique Weapon Boutique.
  2254 | D:4      | Found Xijits's Weapon Shoppe.
  2293 | D:4      | Reached XP level 6. HP: 56/56 MP: 5/5
  2378 | D:4      | Found Wozu's Book Shoppe.
  2890 | D:4      | Found Bilabreg's Armour Shoppe.
  3038 | D:5      | Entered Level 5 of the Dungeon
  3121 | D:5      | Reached skill level 5 in Axes
  3121 | D:5      | Reached XP level 7. HP: 61/62 MP: 6/6
  3279 | D:5      | Got an encrusted ring mail
  3449 | D:5      | Found a sand-covered staircase.
  3456 | Ossuary  | Entered an ossuary
  3578 | Ossuary  | Reached XP level 8. HP: 71/71 MP: 7/7
  4231 | D:5      | Identified the +5 ring mail "Jurer" {Str+3 Int-3 Dex+9}
                  | (You found it on level 5 of the Dungeon)
  5038 | D:7      | Reached XP level 9. HP: 81/81 MP: 8/8
  5306 | D:7      | Found a stormy altar of Qazlal.
  5413 | D:7      | Noticed an orc knight
  5471 | D:7      | Killed an orc knight
  5505 | D:6      | Found a staircase to the Ecumenical Temple.
  5524 | Temple   | Entered the Ecumenical Temple
  5622 | Temple   | Became a worshipper of Warmaster Okawaru
  5685 | D:7      | Reached XP level 10. HP: 48/91 MP: 9/9
  5847 | D:7      | Reached skill level 1 in Invocations
  5850 | D:7      | Reached * piety under Okawaru
  5921 | D:7      | Splashed by an orc's acid

Levels and vault maps discovered:
D:1:      lemuel_arrival_rhombus, layout_rooms
D:2:      layout_loops_corners, uniq_crazy_yiuf_cottage
D:3:      layout_loops_ring
D:4:      layout_layer_cave, serial_shops, nicolae_shop_crystal, shop, shop,
          shop, first_ration, minmay_misc_feat_hallway
D:5:      black_bear_nest_2, layout_loops_corners, chequers_ossuary_entry_cave
D:6:      layout_loops_cross, minmay_temple_entry_from_below_b,
          grunt_ministairs_10
D:7:      lemuel_castle_with_subvaults [lemuel_castle_interior_original],
          layout_loops_ring, nicolae_qazlal_general_emergency, the_bakery
Temple:   kilobyte_greek_temple

Skill      XL: |  1  2  3  4  5  6  7  8  9 10 |
---------------+-------------------------------+-----
Fighting       | 4 5 6 7 9 |  9.8
Axes           | 3 4 5 6 7 9 |  9.4
Armour         | 4 5 6 7 9 |  9.7
Shields        | 4 5 6 7 9 |  9.8
Invocations    | 2 |  2.1

Action                   |  1- 3 |  4- 6 |  7- 9 | 10-12 || total
-------------------------+-------+-------+-------+-------++-------
Melee: War axe           |   108 |   116 |   331 |    38 ||   593
       Headbutt          |    13 |    16 |    90 |    13 ||   132
  Use: Scroll            |     2 |    11 |     8 |     1 ||    22
 Stab: Distracted        |       |       |     1 |       ||     1
  Eat: Chunk             |     1 |     4 |     6 |     3 ||    14
       Ration            |       |     1 |       |       ||     1
Armor: Scale mail        |    64 |    48 |    62 |       ||   174
       Ring mail         |       |       |    48 |    14 ||    62
Dodge: Dodged            |    34 |    29 |    89 |    19 ||   171
Block: Shield            |    57 |    62 |   205 |    41 ||   365

Table legend:
 A = Non-vault XP
 B = Vault XP
 C = Vault XP percentage of total XP
 D = Non-vault monster count
 E = Vault monster count
 F = Vault count percentage of total count
                 A         B        C        D         E       F
            +---------+---------+-------+---------+---------+-------
      Total |    2982 |    4320 |  59.2 |     152 |      74 |  32.7
            +---------+---------+-------+---------+---------+-------
        D:1 |      21 |       0 |   0.0 |      14 |       0 |   0.0
        D:2 |      62 |      39 |  38.6 |      23 |       1 |   4.2
        D:3 |     166 |       0 |   0.0 |      20 |       0 |   0.0
        D:4 |     281 |       0 |   0.0 |      20 |       0 |   0.0
        D:5 |     976 |     139 |  12.5 |      42 |       1 |   2.3
        D:6 |     575 |     264 |  31.5 |      11 |       3 |  21.4
        D:7 |     901 |    3524 |  79.6 |      22 |      33 |  60.0
    Ossuary |       0 |     354 | 100.0 |       0 |      36 | 100.0
            +---------+---------+-------+---------+---------+-------
